| TOP OF THE 1ST |
|
Syracuse Chiefs batting - Pitching for Lehigh Valley IronPigs : LHP Steve Pratt
|
|
Pitching: LHP Steve Pratt
|
|
|
Batting: LHB Dillon Gonzalez
|
0-0: Swinging Strike 0-1: Swinging Strike 0-2: Foul Ball, location: 2F 0-2: Foul Ball, location: 2F 0-2: Ball 1-2: Hit by Pitch
|
|
Batting: LHB Sidney Pedder
|
0-0: Ball 1-0: Ball 2-0: Foul Ball, location: 2F 2-1: Fly out, F5 (Line Drive, 5, EV 75.6 MPH)
|
|
Batting: RHB Danny Gerardo
|
0-0: DOUBLE (Groundball, 5L, EV 103.8 MPH) Dillon Gonzalez to third Runner from 3rd tries for Home, SAFE, throw by LF to trailing runner, SAFE at third!
|
|
Batting: SHB Alex Ethridge
|
0-0: Fly out, F7 (Flyball, 7LM, EV 93.8 MPH)
|
|
Batting: RHB Ben Welt
|
0-0: Foul Ball, location: 2F 0-1: Ground out 2-3 (Groundball, 15S, EV 73.1 MPH)
|
| Top of the 1st over - 1 run, 1 hit, 0 errors, 1 left on base; Syracuse 1 - Lehigh Valley 0 |
| BOTTOM OF THE 1ST |
|
Lehigh Valley IronPigs batting - Pitching for Syracuse Chiefs : LHP Jose Torres
|
|
Pitching: LHP Jose Torres
|
|
|
Batting: LHB Osamu Kubo
|
0-0: Ball 1-0: Ball 2-0: Ball 3-0: Fly out, F8 (Line Drive, 8LM, EV 97.5 MPH)
|
|
Batting: RHB Matt Sanders
|
0-0: Ball 1-0: Foul Ball, location: 2F 1-1: Ball 2-1: DOUBLE (Flyball, 78XD, EV 96.2 MPH)
|
|
Batting: SHB Lance Franklin
|
0-0: Ground out 4-3 (Groundball, 4, EV 87.5 MPH) Matt Sanders to third
|
|
Batting: RHB Josh Hensley
|
0-0: Ball 1-0: Ball 2-0: Called Strike 2-1: Ball 3-1: 2-RUN HOME RUN (Flyball, 9D, EV 102.5 MPH), Distance : 392 ft
|
|
Batting: RHB Julian Nijhuis
|
0-0: Ball 1-0: Foul Ball, location: 2F 1-1: Ball 2-1: Swinging Strike 2-2: Ball 3-2: Base on Balls
|
|
Batting: RHB Young-tae Yoo
|
0-0: Ball 1-0: Called Strike 1-1: Fielders Choice at 2nd, 5-4 (Groundball, 5, EV 81.9 MPH)
|
| Bottom of the 1st over - 2 runs, 2 hits, 0 errors, 1 left on base; Syracuse 1 - Lehigh Valley 2 |
| TOP OF THE 2ND |
|
Syracuse Chiefs batting - Pitching for Lehigh Valley IronPigs : LHP Steve Pratt
|
|
Batting: RHB Ryan Short
|
0-0: Foul Ball, location: 2F 0-1: Swinging Strike 0-2: Ball 1-2: Ball 2-2: Foul Ball, location: 2F 2-2: Ball 3-2: Ground out 6-3 (Groundball, 6, EV 89.4 MPH)
|
|
Batting: LHB Erik Beezley
|
0-0: SINGLE (Line Drive, 89S, EV 96.2 MPH)
|
|
Batting: RHB Ryota Tenno
|
0-0: Ball 1-0: Called Strike 1-1: Called Strike 1-2: Strikes out swinging
|
|
Batting: RHB Josh Lykins
|
0-0: Foul Ball, location: 2F 0-1: Ball 1-1: Called Strike 1-2: Strikes out swinging
|
| Top of the 2nd over - 0 runs, 1 hit, 0 errors, 1 left on base; Syracuse 1 - Lehigh Valley 2 |
| BOTTOM OF THE 2ND |
|
Lehigh Valley IronPigs batting - Pitching for Syracuse Chiefs : LHP Jose Torres
|
|
Batting: LHB Tyler Allen
|
0-0: Ground out 6-3 (Groundball, 6, EV 88.8 MPH)
|
|
Batting: RHB Chris Pounds
|
0-0: Called Strike 0-1: Called Strike 0-2: Foul Ball, location: 2F 0-2: Ball 1-2: Ground out 1-3 (Groundball, 13S, EV 67.5 MPH)
|
|
Batting: RHB Dan Grable
|
0-0: Called Strike 0-1: Ball 1-1: Called Strike 1-2: Fly out, F7 (Flyball, 7LS, EV 96.2 MPH)
|
| Bottom of the 2nd over - 0 runs, 0 hits, 0 errors, 0 left on base; Syracuse 1 - Lehigh Valley 2 |
| TOP OF THE 3RD |
|
Syracuse Chiefs batting - Pitching for Lehigh Valley IronPigs : LHP Steve Pratt
|
|
Batting: LHB Dillon Gonzalez
|
0-0: Called Strike 0-1: Ball 1-1: Ball 2-1: Foul Ball, location: 2F 2-2: Foul Ball, location: 2F 2-2: Ground out 5-3 (Groundball, 6S, EV 81.9 MPH)
|
|
Batting: LHB Sidney Pedder
|
0-0: Called Strike 0-1: Foul Ball, location: 2F 0-2: Ground out 4-3 (Groundball, 4MD, EV 86.9 MPH)
|
|
Batting: RHB Danny Gerardo
|
0-0: Called Strike 0-1: Foul Ball, location: 2F 0-2: SINGLE (Groundball, 6D, EV 98.8 MPH)
|
|
Batting: SHB Alex Ethridge
|
0-0: Called Strike 0-1: Ball 1-1: Ball 2-1: Fly out, F4 (Line Drive, 4, EV 70.0 MPH)
|
| Top of the 3rd over - 0 runs, 1 hit, 0 errors, 1 left on base; Syracuse 1 - Lehigh Valley 2 |
| BOTTOM OF THE 3RD |
|
Lehigh Valley IronPigs batting - Pitching for Syracuse Chiefs : LHP Jose Torres
|
|
Batting: LHB Osamu Kubo
|
0-0: Foul Ball, location: 2F 0-1: Foul Ball, location: 2F 0-2: Ball 1-2: Ball 2-2: Ball 3-2: Strikes out looking
|
|
Batting: RHB Matt Sanders
|
0-0: Called Strike 0-1: Ground out 5-3 (Groundball, 56, EV 108.1 MPH)
|
|
Batting: SHB Lance Franklin
|
0-0: Hit by Pitch
|
|
Batting: RHB Josh Hensley
|
0-0: Ball 1-0: Called Strike 1-1: Fly out, F8 (Flyball, 8LD, EV 97.5 MPH)
|
| Bottom of the 3rd over - 0 runs, 0 hits, 0 errors, 1 left on base; Syracuse 1 - Lehigh Valley 2 |
| TOP OF THE 4TH |
|
Syracuse Chiefs batting - Pitching for Lehigh Valley IronPigs : LHP Steve Pratt
|
|
Batting: RHB Ben Welt
|
0-0: Called Strike 0-1: Foul Ball, location: 2F 0-2: Foul Ball, location: 2F 0-2: Strikes out looking
|
|
Batting: RHB Ryan Short
|
0-0: Ball 1-0: Ground out 6-3 (Groundball, 6, EV 81.2 MPH)
|
|
Batting: LHB Erik Beezley
|
0-0: Foul Ball, location: 2F 0-1: Ball 1-1: SOLO HOME RUN (Flyball, 9LD, EV 97.5 MPH), Distance : 344 ft
|
|
Batting: RHB Ryota Tenno
|
0-0: Ball 1-0: Ground out 6-3 (Groundball, 6, EV 103.8 MPH)
|
| Top of the 4th over - 1 run, 1 hit, 0 errors, 0 left on base; Syracuse 2 - Lehigh Valley 2 |
| BOTTOM OF THE 4TH |
|
Lehigh Valley IronPigs batting - Pitching for Syracuse Chiefs : LHP Jose Torres
|
|
Batting: RHB Julian Nijhuis
|
0-0: Called Strike 0-1: Foul Ball, location: 2F 0-2: Foul Ball, location: 2F 0-2: Foul Ball, location: 2F 0-2: Ball 1-2: Ball 2-2: Strikes out swinging
|
|
Batting: RHB Young-tae Yoo
|
0-0: Ground out 6-3 (Groundball, 6, EV 107.5 MPH)
|
|
Batting: LHB Tyler Allen
|
0-0: SINGLE (Groundball, 6MD, EV 106.2 MPH)
|
|
Batting: RHB Chris Pounds
|
0-0: Ball 1-0: Ball 2-0: Ball 3-0: Base on Balls Tyler Allen to second
|
|
Batting: RHB Dan Grable
|
0-0: Ball 1-0: Swinging Strike 1-1: Ground out 5-3 (Groundball, 56S, EV 91.2 MPH)
|
| Bottom of the 4th over - 0 runs, 1 hit, 0 errors, 2 left on base; Syracuse 2 - Lehigh Valley 2 |
| TOP OF THE 5TH |
|
Syracuse Chiefs batting - Pitching for Lehigh Valley IronPigs : LHP Steve Pratt
|
|
Batting: RHB Josh Lykins
|
0-0: Foul Ball, location: 2F 0-1: Fly out, F9 (Flyball, 9LS, EV 96.9 MPH)
|
|
Batting: LHB Dillon Gonzalez
|
0-0: Fly out, F8 (Flyball, 8LS, EV 95.0 MPH)
|
|
Batting: LHB Sidney Pedder
|
0-0: Swinging Strike 0-1: Ball 1-1: Ball 2-1: Ground out 4-3 (Groundball, 4M, EV 110.6 MPH)
|
| Top of the 5th over - 0 runs, 0 hits, 0 errors, 0 left on base; Syracuse 2 - Lehigh Valley 2 |
| BOTTOM OF THE 5TH |
|
Lehigh Valley IronPigs batting - Pitching for Syracuse Chiefs : LHP Jose Torres
|
|
Batting: LHB Osamu Kubo
|
0-0: Swinging Strike 0-1: Ball 1-1: Ball 2-1: Fly out, F9 (Flyball, 9LS, EV 87.5 MPH)
|
|
Batting: RHB Matt Sanders
|
0-0: Ball 1-0: Ball 2-0: Ball 3-0: Called Strike 3-1: Foul Ball, location: 2F 3-2: Strikes out looking
|
|
Batting: SHB Lance Franklin
|
0-0: Called Strike 0-1: Ball 1-1: SINGLE (Line Drive, 7S, EV 106.9 MPH)
|
|
Batting: RHB Josh Hensley
|
0-0: Called Strike 0-1: Foul Ball, location: 2F 0-2: Ball 1-2: Ground out 4-3 (Groundball, 4, EV 86.2 MPH)
|
| Bottom of the 5th over - 0 runs, 1 hit, 0 errors, 1 left on base; Syracuse 2 - Lehigh Valley 2 |
| TOP OF THE 6TH |
|
Syracuse Chiefs batting - Pitching for Lehigh Valley IronPigs : LHP Steve Pratt
|
|
Batting: RHB Danny Gerardo
|
0-0: Ball 1-0: Ball 2-0: Swinging Strike 2-1: Ball 3-1: Foul Ball, location: 2F 3-2: Foul Ball, location: 2F 3-2: Foul Ball, location: 2F 3-2: Strikes out swinging
|
|
Batting: SHB Alex Ethridge
|
0-0: Called Strike 0-1: Swinging Strike 0-2: Ball 1-2: Ground out 6-3 (Groundball, 6S, EV 90.0 MPH)
|
|
Batting: RHB Ben Welt
|
0-0: Fly out, F6 (Flyball, 6D, EV 85.0 MPH)
|
| Top of the 6th over - 0 runs, 0 hits, 0 errors, 0 left on base; Syracuse 2 - Lehigh Valley 2 |
| BOTTOM OF THE 6TH |
|
Lehigh Valley IronPigs batting - Pitching for Syracuse Chiefs : LHP Jose Torres
|
|
Batting: RHB Julian Nijhuis
|
0-0: Ball 1-0: Swinging Strike 1-1: Foul Ball, location: 2F 1-2: Foul Ball, location: 2F 1-2: Ball 2-2: Foul Ball, location: 2F 2-2: Ball 3-2: Fly out, F7 (Flyball, 78M, EV 96.2 MPH)
|
|
Batting: RHB Young-tae Yoo
|
0-0: Swinging Strike 0-1: Ball 1-1: Ball 2-1: Called Strike 2-2: Ground out 4-3 (Groundball, 6M, EV 82.5 MPH)
|
|
Batting: LHB Tyler Allen
|
0-0: Called Strike 0-1: Fly out, F6 (Flyball, 6D, EV 88.1 MPH)
|
| Bottom of the 6th over - 0 runs, 0 hits, 0 errors, 0 left on base; Syracuse 2 - Lehigh Valley 2 |
| TOP OF THE 7TH |
|
Syracuse Chiefs batting - Pitching for Lehigh Valley IronPigs : LHP Steve Pratt
|
|
Batting: RHB Ryan Short
|
0-0: Ball 1-0: Foul Ball, location: 2F 1-1: Fly out, F7 (Flyball, 7LS, EV 72.5 MPH)
|
|
Pinch Hitting: RHB Niek de Haan
|
0-0: Called Strike 0-1: Foul Ball, location: 2F 0-2: Foul Ball, location: 2F 0-2: Foul Ball, location: 2F 0-2: Ball 1-2: Ball 2-2: Foul Ball, location: 2F 2-2: Ball 3-2: Ground out 5-3 (Groundball, 56S, EV 79.4 MPH)
|
|
Batting: RHB Ryota Tenno
|
0-0: DOUBLE (Groundball, 5L, EV 104.4 MPH)
|
|
Batting: RHB Josh Lykins
|
0-0: Called Strike 0-1: Swinging Strike 0-2: Ball 1-2: DOUBLE (Flyball, 8RXD, EV 108.8 MPH) Ryota Tenno scores
|
|
Batting: LHB Dillon Gonzalez
|
0-0: Called Strike 0-1: Swinging Strike 0-2: Ground out 6-3 (Groundball, 6M, EV 106.2 MPH)
|
| Top of the 7th over - 1 run, 2 hits, 0 errors, 1 left on base; Syracuse 3 - Lehigh Valley 2 |
| BOTTOM OF THE 7TH |
|
Lehigh Valley IronPigs batting - Pitching for Syracuse Chiefs : LHP Jose Torres
|
|
Now in LF: Jared Speck
|
|
|
Batting: RHB Chris Pounds
|
0-0: Ball 1-0: Swinging Strike 1-1: Fly out, F7 (Flyball, 7D, EV 100.0 MPH)
|
|
Batting: RHB Dan Grable
|
0-0: Ball 1-0: Fly out, F9 (Flyball, 9D, EV 89.4 MPH)
|
|
Pinch Hitting: RHB Nick Beggs
|
0-0: Ball 1-0: Ball 2-0: Called Strike 2-1: Ball 3-1: Foul Ball, location: 2F 3-2: Foul Ball, location: 2F 3-2: Base on Balls
|
|
Pitching: RHP Daniel Humphrey
|
|
|
Batting: RHB Matt Sanders
|
0-0: Called Strike 0-1: Ball 1-1: Foul Ball, location: 2F 1-2: Ball 2-2: Fielders Choice at 2nd, 6-4 (Groundball, 56, EV 105.0 MPH)
|
| Bottom of the 7th over - 0 runs, 0 hits, 0 errors, 1 left on base; Syracuse 3 - Lehigh Valley 2 |
| TOP OF THE 8TH |
|
Syracuse Chiefs batting - Pitching for Lehigh Valley IronPigs : LHP Steve Pratt
|
|
Now in LF: Nick Beggs
|
|
|
Now in RF: Matt Sanders
|
|
|
Batting: LHB Sidney Pedder
|
0-0: Ball 1-0: Foul Ball, location: 2F 1-1: Ball 2-1: Foul Ball, location: 2F 2-2: Ball 3-2: Base on Balls
|
|
Batting: RHB Danny Gerardo
|
0-0: Ball 1-0: Ball 2-0: Ball 3-0: Foul Ball, location: 2F 3-1: Base on Balls Sidney Pedder to second
|
|
Pitching: RHP Clarros Pedrogo
|
|
|
Batting: SHB Alex Ethridge
|
0-0: Called Strike 0-1: Ball 1-1: Fly out, F9 (Line Drive, 89M, EV 96.9 MPH)
|
|
Batting: RHB Ben Welt
|
0-0: Ball 1-0: Called Strike 1-1: Ball 2-1: Ball 3-1: Foul Ball, location: 2F 3-2: Base on Balls Sidney Pedder to third Danny Gerardo to second
|
|
Batting: RHB Ryan Short
|
0-0: Called Strike 0-1: Swinging Strike 0-2: Grounds into double play, 5-2-3 (Groundball, 5S, EV 77.5 MPH)
|
| Top of the 8th over - 0 runs, 0 hits, 0 errors, 2 left on base; Syracuse 3 - Lehigh Valley 2 |
| BOTTOM OF THE 8TH |
|
Lehigh Valley IronPigs batting - Pitching for Syracuse Chiefs : RHP Daniel Humphrey
|
|
Batting: SHB Lance Franklin
|
0-0: Ball 1-0: Foul Ball, location: 2F 1-1: Ball 2-1: Ball 3-1: Foul Ball, location: 2F 3-2: SINGLE (Line Drive, 78S, EV 104.4 MPH)
|
|
Batting: RHB Josh Hensley
|
0-0: Foul Ball, location: 2F 0-1: Foul Ball, location: 2F 0-2: Fly out, F4 (Popup, 34, EV 62.5 MPH)
|
|
Batting: RHB Julian Nijhuis
|
0-0: Ball 1-0: Called Strike 1-1: Fly out, F7 (Flyball, 7, EV 90.6 MPH)
|
|
Batting: RHB Young-tae Yoo
|
0-0: Ball 1-0: Foul Ball, location: 2F 1-1: 2-RUN HOME RUN (Flyball, 7LD, EV 91.9 MPH), Distance : 355 ft
|
|
Pitching: RHP Danny Newbegin
|
|
|
Batting: LHB Tyler Allen
|
0-0: Ball 1-0: Ground out 4-3 (Groundball, 4, EV 88.1 MPH)
|
| Bottom of the 8th over - 2 runs, 2 hits, 0 errors, 0 left on base; Syracuse 3 - Lehigh Valley 4 |
| TOP OF THE 9TH |
|
Syracuse Chiefs batting - Pitching for Lehigh Valley IronPigs : RHP Clarros Pedrogo
|
|
Pitching: LHP Chad Persaud
|
|
|
Now at 1B: Jose Marroquin
|
|
|
Batting: RHB Jared Speck
|
0-0: Ball 1-0: Ball 2-0: Called Strike 2-1: SINGLE (Groundball, 6MS, EV 91.2 MPH) (infield hit)
|
|
Batting: RHB Ryota Tenno
|
0-0: Ground out 4-3 (Groundball, 34, EV 104.4 MPH) Jared Speck to second
|
|
Batting: RHB Josh Lykins
|
0-0: Ball 1-0: Ball 2-0: Ball 3-0: Base on Balls
|
|
Batting: LHB Dillon Gonzalez
|
0-0: Ball 1-0: Ball 2-0: Fly out, F9 (Flyball, 9D, EV 101.9 MPH) Runner from 2nd tags up, SAFE at 3rd, no throw by RF
|
|
Batting: LHB Sidney Pedder
|
0-0: Foul Ball, location: 2F 0-1: Called Strike 0-2: Foul Ball, location: 2F 0-2: Foul Ball, location: 2F 0-2: Ball 1-2: Strikes out swinging
|
| Top of the 9th over - 0 runs, 1 hit, 0 errors, 2 left on base; Syracuse 3 - Lehigh Valley 4 |
|